 Dungeon Crawl Stone Soup version 0.21-a0-29-g43b3074 (webtiles) character file.

32 grindst0ne the Skirmisher (level 3, 0/30 HPs)
             Began as a Formicid Fighter on May 26, 2017.
             Slain by a hobgoblin
             ... wielding a +0 club
              (3 damage)
             ... on level 1 of the Dungeon.
             The game lasted 00:01:16 (384 turns).

grindst0ne the Skirmisher (Formicid Fighter)         Turns: 384, Time: 00:01:17

Health: 0/30       AC:  6    Str: 20    XL:     3   Next: 45%
Magic:  3/3        EV:  7    Int:  7    God:
Gold:   80         SH:  9    Dex: 11    Spells: 2/2 levels left

rFire    . . .     SeeInvis +   a - +0 war axe
rCold    . . .     Gourm    .   c - +0 shield
rNeg     . . .     Faith    .   b - +0 scale mail
rPois    .         Spirit   .   (helmet unavailable)
rElec    .         Reflect  .   (no cloak)
rCorr    .         Harm     .   (no gloves)
MR       .....                  (no boots)
Stlth    ..........             (no amulet)
Regen    0.1/turn               (no ring)
MPRegen  0.1/turn               (no ring)

@: no status effects
A: permanent stasis, dig shafts and tunnels, four strong arms, antennae 3
a: Dig, Shaft Self


You were on level 1 of the Dungeon.
You were not hungry.

You visited 1 branch of the dungeon, and saw 1 of its levels.

You collected 80 gold pieces.

Inventory:

Hand Weapons
 a - a +0 war axe (weapon)
Missiles
 o - 2 throwing nets (quivered)
Armour
 b - a +0 scale mail (worn)
 c - a +0 shield (worn)
Jewellery
 h - an uncursed ring of wizardry {unknown}
 k - a cursed -6 ring of protection {unknown}
Scrolls
 j - a scroll of identify {unknown}
 n - a scroll of recharging {unknown}
Potions
 d - a potion of might
 e - a potion of resistance {unknown}
 l - a potion of invisibility {unknown}
 m - a potion of brilliance {unknown}
Comestibles
 f - a bread ration
 g - 5 chunks of flesh
 i - a meat ration


   Skills:
 + Level 4.1 Fighting
 + Level 2.7 Axes
 - Level 3.2 Armour
 - Level 3.6 Shields


You had 2 spell levels left.
You didn't know any spells.

Dungeon Overview and Level Annotations

Branches:
Dungeon (1/15)

Altars:


Innate Abilities, Weirdness & Mutations

You cannot be hasted, slowed, berserked, paralysed or teleported.
You can dig through walls and to a lower floor.
Your four strong arms can wield two-handed weapons with a shield.
You have a pair of large antennae on your head. (SInv)


Message History

You block the bat's attack. The bat hits you but does no damage.
The bat hits you but does no damage. x2
The bat hits you but does no damage. x2
The bat barely misses you. The bat barely misses you.
You block the bat's attack. The bat hits you.
* * * LOW HITPOINT WARNING * * *
You block the bat's attack. You block the bat's attack.
The bat hits you but does no damage. x2
A hobgoblin comes into view. It is wielding a club.
You block the bat's attack. The bat hits you but does no damage.
The bat closely misses you. You block the bat's attack.
The hobgoblin hits you but does no damage.
You barely miss the hobgoblin. You block the bat's attack. x2
The hobgoblin hits you with a club.
You die...

####....####.....######......
#............................
#####.##....####.....######......
.......#..).####.....# #......
...............#.....# #####..
.........#.################ #..
.......#.#.# #...........# #..
......)#.#.####.b.........#####..
###.#>.........g@.gg.Kr..........
#.##....................##....)
##.##............##########.)...
#................# #...K.
##................# #.....
#.................# #.....
#.................# #.....
..................##########.....
..................#.......##.....


You could see 2 hobgoblins, a goblin, a bat, a kobold and a rat.

Vanquished Creatures
  An ooze (D:1)
  A dart slug (D:1)
  3 leopard geckos (D:1)
  2 giant cockroaches (D:1)
  A goblin (D:1)
  A hobgoblin (D:1)
  7 kobolds (D:1)
  2 bats (D:1)
  5 rats (D:1)
23 creatures vanquished.

Notes
Turn   | Place    | Note
-------+----------+-------------------------------------------
     0 | D:1      | grindst0ne the Formicid Fighter began the quest for the Orb.
     0 | D:1      | Reached XP level 1. HP: 18/18 MP: 1/1
   124 | D:1      | Reached XP level 2. HP: 24/24 MP: 2/2
   323 | D:1      | Reached skill level 4 in Fighting
   323 | D:1      | Reached XP level 3. HP: 28/30 MP: 3/3
   384 | D:1      | Slain by a hobgoblin

Vault maps used:
D:1:      minmay_arrival_cross, minmay_heptomino_d4

Skill      XL: |  1  2 |
---------------+-------+-----
Fighting       | 4 |  4.1
Axes           | |  2.7
Armour         | |  3.2
Shields        | |  3.6

Action                   || total
-------------------------++-------
Melee: War axe           ||    57
 Abil: Dig               ||     3
Armor: Scale mail        ||    47
Dodge: Dodged            ||    36
Block: Shield            ||    43
